 Dungeon Crawl Stone Soup version 0.31.0-12-g77e489cdc1 (webtiles) character file.

Game seed: 10130501516546674840

2307 Gadfly the Covered (level 9, -14/70 (72) HPs)
             Began as an Armataur Fighter on Feb 29, 2024.
             Was a Believer of the Shining One.
             Killed by divine providence
             ... invoked by an orc priest
              (16 damage)
             ... on level 7 of the Dungeon.
             The game lasted 00:10:57 (5499 turns).

Gadfly the Covered (Armataur Fighter)               Turns: 5499, Time: 00:10:57

HP:   -14/70 (72)   AC: 15    Str: 24    XL:     9   Next: 18%
MP:   0/13          EV:  4    Int:  9    God:    the Shining One [**....]
Gold: 93            SH:  5    Dex: 11    Spells: 6/8 levels left

rFire   . . .        b - +1 dagger (venom)
rCold   x . .        c - +0 buckler
rNeg    + . .        h - +1 plate armour
rPois   .            (helmet restricted)
rElec   .            (no cloak)
rCorr   .            v - +0 pair of gloves
SInv    .            (no barding)
Will    .....        l - amulet of guardian spirit Stlth
                     (no ring)
HPRegen 0.31/turn    (no ring)
MPRegen 0.13/turn

%: guardian spirit, roll
@: slowed, glowing, lightly drained, very slow
A: large, deformed body, tough skin 3, armoured tail, roll 2, horns 1, stinger
1, iridescent scales 1, cold vulnerability 1
a: Renounce Religion, Divine Shield


You were on level 7 of the Dungeon.
You worshipped the Shining One.
The Shining One was pleased with you.
You visited 2 branches of the dungeon, and saw 8 of its levels.

You collected 214 gold pieces.
You spent 121 gold pieces at shops.

Inventory:

Hand Weapons
 a - a +0 flail
 b - a +1 dagger of venom (weapon)
 g - a +2 long sword of holy wrath
Armour
 c - a +0 buckler (worn)
 h - a +1 plate armour (worn)
 v - a +0 pair of gloves (worn)
Jewellery
 l - an amulet of guardian spirit (around neck)
 o - the amulet "Jaten" {Acrobat +Inv rElec rF+ Dex-4}
   (You found it on level 3 of the Dungeon)

   [amulet of the acrobat]

   Acrobat:   It increases your evasion while moving and waiting.
   Dex-4:     It affects your dexterity (-4).
   rF+:       It protects you from fire.
   rElec:     It insulates you from electricity.
   +Inv:      It lets you turn invisible.
 p - an amulet of the acrobat
 z - a +4 ring of protection
Wands
 j - a wand of flame (25) (quivered)
 s - a wand of digging (4)
 w - a wand of polymorph (10)
 x - a wand of roots (8)
 y - a wand of acid (6)
Scrolls
 i - a scroll of teleportation
 m - a scroll of fog
 n - a scroll of vulnerability
 r - a scroll of blinking
 t - a scroll of torment {unknown}
 u - a scroll of summoning
Potions
 d - 3 potions of might
 e - a potion of curing
 f - 2 potions of lignification
 k - 2 potions of enlightenment
 q - a potion of mutation
 A - a potion of cancellation


   Skills:
 + Level 4.7 Fighting
 * Level 5.4 Maces & Flails
 + Level 6.1 Armour
 + Level 5.4 Shields
 * Level 5.5 Invocations
 * Level 5.6 Evocations


You had 6 spell levels left.
You knew the following spells:

 Your Spells              Type           Power      Damage    Failure   Level
a - Blink                 Tloc           0%         N/A       100%        2

Your spell library contained the following spells:

 Spells                   Type           Power      Damage    Failure   Level
 Necrotise                Necr           0%         1d4       100%        1
 Lesser Beckoning         Tloc           0%         N/A       100%        2
 Momentum Strike          Conj/Tloc      0%         3d8       100%        2
 Sigil of Binding         Hex            0%         N/A       100%        3
 Stone Arrow              Conj/Erth      0%         3d7       100%        3
 Vampiric Draining        Necr           0%         2d6       100%        3
 Animate Armour           Summ/Erth      0%         N/A       100%        4
 Martyr's Knell           Necr/Summ      0%         N/A       100%        4
 Summon Lightning Spire   Summ/Air       0%         N/A       100%        4
 Curse of Agony           Necr           0%         N/A       100%        5
 Conjure Ball Lightning   Conj/Air       0%         3x3d6     100%        6
 Discord                  Hex            0%         N/A       100%        8
 Disjunction              Tloc           0%         N/A       100%        8
 Lehudib's Crystal Spear  Conj/Erth      0%         10d2      100%        8
 Dragon's Call            Summ           0%         N/A       100%        9


Dungeon Overview and Level Annotations

Branches:
Dungeon (7/15)             Temple (1/1) D:4

Altars:
Ashenzari
Cheibriados
Dithmenos
Elyvilon
Fedhas
Gozag
Hepliaklqana
Kikubaaqudgha
Makhleb
Nemelex Xobeh
Okawaru
Qazlal
Ru
Sif Muna
Trog
Uskayaw
Vehumet
Xom
Yredelemnul
Zin
The Shining One

Shops:
D:3 !   D:7 *

Annotations:
D:4 2 transporters, Consumeair16's ghost, amateur HOMo
D:5 4 runed translucent doors, Gadfly's ghost, amateur OnBe


Innate Abilities, Weirdness & Mutations

Armour fits poorly on your strangely shaped body.
You have extremely tough skin. (AC +3)
You have a long armoured tail.
You regenerate magic and health when rolling toward enemies. (Rampage Regen)
You have a pair of small horns on your head.
Your tail ends in a venomous barb.
You are partially covered in iridescent scales. (AC +2)
You are vulnerable to cold. (rC-)


Message History

You feel very sick.
The hornet stings you but does no damage.
The wight attacks as it pursues you!
The wight hits you with a +3 long sword!
* * * LOW HITPOINT WARNING * * *
You partially resist.
You feel drained. The hornet barely misses you.
You feel better.
The hornet stings you but does no damage.
The wight hits you with a +3 long sword!
* * * LOW HITPOINT WARNING * * *
An orc priest comes into view. It is wielding a +0 club.
The orc wizard gestures wildly while chanting.
The orc wizard flickers and vanishes!
Deactivating autopickup; reactivate with Ctrl-A.
The hornet stings you.
* * * LOW HITPOINT WARNING * * *
You are poisoned.
You shrug off the repeated paralysis!
The wight hits you but does no damage.
The orc priest shouts!
You open the door.
* * * LOW HITPOINT WARNING * * *
You feel very sick. The hornet stings you.
* * * LOW HITPOINT WARNING * * *
You are more poisoned.
You feel as though you will be slow longer.
The wight hits you but does no damage. You block the hornet's attack.
An orc comes into view. It is wielding a +0 flail.
You feel better. The hornet stings you!
* * * LOW HITPOINT WARNING * * *
You feel as though you will be slow longer.
The wight hits you with a +3 long sword!
* * * LOW HITPOINT WARNING * * *
You partially resist.
You feel drained.
* * * LOW HITPOINT WARNING * * *
The hornet stings you.
You feel as though you will be slow longer.
The orc priest invokes the aid of Beogh against you.
Beogh smites you!
You die...

.........## #.....)....#....
#.........# # #......#...#....
..........# . #.......########
#.........## .# #............#..
...........# .###........#...#..
...........## #..##.#......######
............###..####..#.........
........#...{z##'#.###.##....#...
....##.....#zzhy@............##..
... ####..o.o5z..#.#......####..
.. #.....o#...##...#........ .
#....###........###......
..###...##........#####.#...
........##.......###....#.##
................###.........
.......####..............##.#
.#.......................#..#


You could see a hornet, a black bear, 4 wights, an orc priest, a shadow imp and
2 orcs.

Vanquished Creatures
  A troll (D:6)
  Prince Ribbit (D:7)
  Sigmund (D:3)
  Eustachio (D:5)
  Edmund (D:6)
  A water moccasin (D:7)
  2 centaurs
  A phantom (D:4)
  2 bullfrogs
  3 scorpions
  5 killer bees
  2 howler monkeys (D:6)
  3 bombardier beetles
  A jelly (D:5)
  2 hounds
  An orc priest (D:4)
  4 iguanas
  A sleepcap (D:7)
  8 adders
  A white imp (D:6)
  2 ufetubi (D:6)
  A dart slug (D:5)
  5 ribbon worms
  7 orcs
  7 endoplasms
  3 giant cockroaches
  10 goblins
  11 hobgoblins
  6 jackals
  14 kobolds
  7 quokkas
  6 ball pythons
  5 bats
  2 frilled lizards (D:2)
  10 rats
  A spectral hobgoblin (D:1)
139 creatures vanquished.

Notes
Turn   | Place    | Note
-------+----------+-------------------------------------------
     0 | D:1      | Gadfly the Armataur Fighter began the quest for the Orb.
     0 | D:1      | Reached XP level 1. HP: 18/18 MP: 1/1
   161 | D:1      | Reached XP level 2. HP: 25/25 MP: 2/2
   273 | D:1      | Found a faded altar of an unknown god.
   362 | D:1      | Reached skill level 1 in Invocations
   490 | D:1      | Reached skill level 1 in Evocations
   790 | D:2      | Reached XP level 3. HP: 26/30 MP: 3/3
  1358 | D:3      | Noticed Sigmund
  1371 | D:3      | Killed Sigmund
  1372 | D:3      | Reached skill level 4 in Armour
  1372 | D:3      | Reached XP level 4. HP: 15/38 MP: 5/5
  1372 | D:3      | Reached XP level 5. HP: 18/45 MP: 6/6
  1693 | D:3      | Reached XP level 6. HP: 47/51 MP: 7/7
  1742 | D:3      | Found Jeaxunel's Distillery.
  1753 | D:3      | Bought a potion of degeneration for 13 gold pieces
  1753 | D:3      | Bought a potion of curing for 39 gold pieces
  2151 | D:3      | Identified the amulet "Jaten" {Acrobat +Inv rElec rF+
                  | Dex-4}
  2407 | D:4      | Found a staircase to the Ecumenical Temple.
  2415 | D:4      | Got the Cyclopedia of Cooperative Obstruction
  2420 | Temple   | Entered the Ecumenical Temple
  2430 | Temple   | Became a worshipper of the Shining One
  2482 | D:4      | Gained mutation: You are vulnerable to cold. (rC-) [potion
                  | of mutation]
  2482 | D:4      | Gained mutation: You are partially covered in iridescent
                  | scales. (AC +2) [potion of mutation]
  2482 | D:4      | Gained mutation: You have a pair of small horns on your
                  | head. [potion of mutation]
  2482 | D:4      | Gained mutation: Your tail ends in a venomous barb. [potion
                  | of mutation]
  2545 | D:4      | Found a burning altar of Makhleb.
  2652 | D:4      | Found an iron altar of Okawaru.
  2659 | D:4      | Found a transporter.
  2668 | D:4      | Found a transporter.
  2673 | D:4      | Noticed Consumeair16's ghost (amateur HOMo)
  2746 | D:4      | Found a broken altar of Ashenzari.
  3107 | D:5      | Entered Level 5 of the Dungeon
  3128 | D:5      | Gained mutation: You regenerate magic and health when
                  | rolling toward enemies. (Rampage Regen) [Armataur growth]
  3128 | D:5      | Reached XP level 7. HP: 57/58 MP: 9/9
  3283 | D:5      | Found a runed translucent gate.
  3283 | D:5      | Found a runed translucent gate.
  3283 | D:5      | Found a runed translucent gate.
  3437 | D:5      | Noticed Gadfly's ghost (amateur OnBe)
  3506 | D:5      | Found a blossoming altar of Fedhas.
  3506 | D:5      | Found a snail-covered altar of Cheibriados.
  3632 | D:5      | Reached * piety under the Shining One
  3669 | D:5      | Found a runed translucent door.
  3669 | D:5      | Noticed a human
  3682 | D:5      | Found a basalt altar of Yredelemnul.
  4222 | D:6      | Noticed Edmund
  4226 | D:6      | Reached skill level 5 in Armour
  4238 | D:6      | Killed Edmund
  4240 | D:6      | Noticed Eustachio
  4250 | D:6      | Reached XP level 8. HP: 43/66 MP: 8/11
  4260 | D:5      | Killed Eustachio
  4475 | D:6      | Found a shadowy altar of Dithmenos.
  4521 | D:6      | Reached skill level 5 in Shields
  4774 | D:6      | Found a bloodstained altar of Trog.
  4883 | D:6      | Learned a level 2 spell: Blink
  4914 | D:7      | Found a radiant altar of Vehumet.
  4915 | D:7      | Noticed Prince Ribbit
  4923 | D:7      | Killed Prince Ribbit
  4924 | D:7      | Reached skill level 5 in Maces & Flails
  4924 | D:7      | Reached skill level 5 in Evocations
  4932 | D:7      | Found Hepiz's Assorted Antiques.
  4941 | D:7      | Reached skill level 5 in Invocations
  4976 | D:7      | Noticed Joseph
  5123 | D:6      | HP: 1/67 [+1 spectral quarterstaff[Joseph] (6)]
  5124 | D:6      | Reached XP level 9. HP: 1/72 MP: 0/12
  5127 | D:6      | Joseph changed into Joseph the troll
  5127 | D:6      | Noticed Joseph
  5130 | D:6      | Killed Joseph the troll
  5131 | D:6      | Reached skill level 6 in Armour
  5379 | D:7      | Bought a scroll labelled OHAALYAHITH for 24 gold pieces
  5379 | D:7      | Bought a scroll labelled OHAALYAHITH for 24 gold pieces
  5379 | D:7      | Bought a sedimented grey potion for 21 gold pieces
  5487 | D:7      | Reached ** piety under the Shining One
  5495 | D:7      | Paralysed by a hornet for 1 turns
  5499 | D:7      | HP: 3/71 [wight/+3 long sword (7)]
  5499 | D:7      | Killed from afar by an orc priest

Illustrated notes

Levels and vault maps discovered:
D:1:      dpeg_arrival_ratfight, layout_loops_cross,
          dreamdust_ecumenical_altar_drowned_temple
D:2:      layout_rooms, chequers_serial_rivers_marsh
D:3:      minmay_razor_zed, layout_loops_ring, serial_glass, glass_columns_b,
          glass_columns_b, serial_shops, nicolae_shop_advertising_works
          [nicolae_subvault_shop_adworks], feat_on_display, uniq_sigmund
D:4:      layout_rooms, cheibrodos_ashenzari_chains, lightli_temple_of_fire,
          mainiacjoe_overflow_brackets, minmay_temple_entry_glass,
          gammafunk_ghost_smash, minmay_misc_feat_roman,
          kennysheep_decorative_pillar
D:5:      layout_loops_ring, grunt_temple_overflow_open, dk_yredelemnul_ordeal,
          serial_bayou, serial_bayou_lagoon_a, serial_bayou_pond_d,
          serial_bayou_pond_e, serial_bayou_crossing, gammafunk_ghost_icy
D:6:      layout_cave_pools, nicolae_dithmenos_through_a_glass_darkly,
          kennysheep_mini_moat, uniq_edmund, uniq_eustachio
D:7:      minmay_s_stair_smasher, layout_cave_pools, vehumet_altar_wand_db,
          serial_shops, nicolae_shop_dealshenge,
          hangedman_abyss_or_decor_stagger, grunt_ministairs_7,
          uniq_prince_ribbit1, uniq_joseph
Temple:   nicolae_temple_bog_church

Skill      XL: |  1  2  3  4  5  6  7  8  9 |
---------------+----------------------------+-----
Maces & Flails | 2 3 4 5 |  5.4
Invocations    | 1 2 3 4 5 |  5.5
Evocations     | 1 2 3 4 5 |  5.6
Fighting       | 3 4 |  4.7
Armour         | 4 5 6 |  6.1
Shields        | 4 5 |  5.4

Action                     |  1- 3 |  4- 6 |  7- 9 || total
---------------------------+-------+-------+-------++-------
  Melee: Flail             |   169 |   119 |       ||   288
         Tailslap          |    14 |    12 |    35 ||    61
         Dagger            |       |    38 |   143 ||   181
         Headbutt          |       |     8 |    52 ||    60
  Evoke: Wand              |       |       |     4 ||     4
    Use: Scroll            |     3 |     4 |     3 ||    10
         Potion            |       |     3 |     4 ||     7
 Armour: Scale mail        |    75 |       |       ||    75
         Plate armour      |    85 |   162 |   226 ||   473
  Dodge: Dodged            |    54 |    38 |    43 ||   135
  Block: Buckler           |    45 |    31 |    42 ||   118
